 Dungeon Crawl Stone Soup version 0.31-a0-865-g3d5d91748a (webtiles) character file.

Game seed: 13619355333263377375

3845 avis the Nimble (level 9, -3/40 HPs)
             Began as a Felid Artificer on Oct 10, 2023.
             Was an Initiate of Gozag.
             Slain by a death yak (26 damage)
             ... on level 9 of the Dungeon on Oct 11, 2023.
             The game lasted 01:02:17 (10826 turns).

avis the Nimble (Felid Artificer)                  Turns: 10826, Time: 01:02:17

Health: -3/40      AC:  2    Str: 12    XL:     9   Next: 98%
Magic:  10/10      EV: 35    Int: 12    God:    Gozag
Gold:   671        SH:  0    Dex: 25    Spells: 8/8 levels left
                                        Lives:  0   Deaths: 3

rFire   + .          .
                       - Unarmed
rCold   . . .        (shield unavailable)
rNeg    . . .        (body armour unavailable)
rPois   .            (helmet unavailable)
rElec   .            (cloak unavailable)
rCorr   .            (gloves unavailable)
SInv    +            (boots unavailable)
Will    +....        (no amulet)
Stlth   ++           s - ring of Cieph {*Slow rF+ Str+2 Dex+6 Stlth+}
HPRegen 0.26/turn    c - +5 ring of evasion
MPRegen 0.12/turn

%: slow self (1%)
@: flux-form, gold aura, glowing, quick
A: glow, contaminating, very small, claws 1, fangs 3, see invisible, speed 1,
shaggy fur 2, stealthy paws, no weapons or thrown items, no armour, multi-lived
a: Begin Untransformation, Renounce Religion, Potion Petition, Call Merchant,
Bribe Branch


You were on level 9 of the Dungeon.
You worshipped Gozag.
Gozag was pleased with you.
You were something dangerously unstable.
You visited 2 branches of the dungeon, and saw 10 of its levels.

You collected 791 gold pieces.
You paid 120 gold pieces to Gozag.

Inventory:

Jewellery
 c - a +5 ring of evasion (right paw)
 f - a ring of wizardry
 h - a ring of resist corrosion
 p - a ring of willpower
 s - the ring of Cieph (left paw) {*Slow rF+ Str+2 Dex+6 Stlth+}
   (You found it on level 4 of the Dungeon)

   [ring of dexterity]

   Str+2:     It affects your strength (+2).
   Dex+6:     It affects your dexterity (+6).
   rF+:       It protects you from fire.
   *Slow:     It may slow you when you take damage.
   Stlth+:    It makes you more stealthy.
Talismans
 g - a flux talisman (active)
Wands
 b - a wand of charming (8)
 d - a wand of light (3)
 w - a wand of digging (9)
Scrolls
 a - 2 scrolls of amnesia {unknown}
 i - 2 scrolls of fear {unknown}
 j - 4 scrolls of immolation {unknown}
 m - 2 scrolls of enchant armour {unknown}
 n - 2 scrolls of revelation {unknown}
 o - 3 scrolls of fog {unknown}
 q - a scroll of blinking
 r - 6 scrolls of teleportation
 v - a scroll of enchant weapon {unknown}
 x - 2 scrolls of poison {unknown}
 y - a scroll of brand weapon {unknown}
Potions
 e - 3 potions of brilliance
 k - 3 potions of curing
 l - 3 potions of lignification
 t - a potion of magic
 u - a potion of cancellation


   Skills:
 - Level 5.0 Fighting
 * Level 12.3 Dodging
 - Level 2.0 Stealth
 - Level 3.0 Unarmed Combat
 - Level 4.0 Evocations
 - Level 9.0 Shapeshifting


You had 8 spell levels left.
You didn't know any spells.
Your spell library contained the following spells:

 Spells                   Type           Power      Damage    Failure   Level
 Dazzling Flash           Conj/Hex       0%         N/A       69%         3
 Summon Guardian Golem    Hex/Summ       0%         N/A       69%         3
 Tukima's Dance           Hex            0%         N/A       69%         3
 Volatile Blastmotes      Fire/Tloc      0%         2d10      69%         3
 Iskenderun's Mystic Bla  Conj/Tloc      0%         2d3       97%         4
 Passage of Golubria      Tloc           0%         N/A       97%         4
 Yara's Violent Unravell  Hex/Tmut       0%         3d3       100%        5
 Starburst                Conj/Fire      0%         6d3       100%        6
 Haunt                    Necr/Summ      0%         N/A       100%        7
 Orb of Destruction       Conj           0%         9d5       100%        7
 Spellforged Servitor     Conj/Summ      0%         N/A       100%        7
 Borgnjor's Revivificati  Necr           0%         N/A       100%        8
 Maxwell's Capacitive Co  Air            0%         ∞         100%        8
 Death's Door             Necr           0%         N/A       100%        9
 Dimensional Bullseye     Hex/Tloc       Unusable   N/A       N/A         4

Dungeon Overview and Level Annotations

Branches:
Dungeon (9/15)             Temple (1/1) D:7            Lair (0/5) D:9
    Orc: D:9-12

Altars:
Ashenzari
Dithmenos
Elyvilon
Fedhas
Gozag
Hepliaklqana
Kikubaaqudgha
Makhleb
Nemelex Xobeh
Okawaru
Qazlal
Ru
Sif Muna
Trog
Uskayaw
Vehumet
Wu Jian
Xom
Zin
The Shining One

Shops:
D:6 (   D:8 *[=:

Annotations:
D:4 3 runed translucent doors, Kurtz's ghost, weakling NaDe
D:8 2 runed translucent doors, jujuben's ghost, novice TrSh


Innate Abilities, Weirdness & Mutations

You are something dangerously unstable.
You glow with magical radiation, making you easy to see and hit.
Foes you strike become dangerously contaminated with magical radiation.
You have sharp claws.
You have razor-sharp teeth.
You have supernaturally acute eyesight. (SInv)
You cover ground quickly. (Speed+)
You are covered in thick fur. (AC +2)
Your paws help you pounce on unaware monsters.
You are incapable of wielding weapons or throwing items.
You cannot wear armour.
You gain extra lives every three experience levels.


Message History

The orc zombie completely misses you.
The death yak bellows!
You scratch the orc zombie.
You destroy the orc zombie!
You hear a bellow!
The gnoll sergeant is distracted by your dazzling golden aura.
You barely miss the phantom. The phantom closely misses you.
The gnoll completely misses you.
The gnoll is distracted by your dazzling golden aura.
You closely miss the phantom. The phantom closely misses you.
The gnoll hits you from afar with a +0 spear.
The gnoll shouts!
You scratch the phantom.
The phantom begins to glow.
The phantom is lightly damaged.
The phantom misses you. The gnoll barely misses you.
You scratch the phantom but do no damage.
The phantom glows dangerously bright.
The phantom is lightly damaged.
The gnoll sergeant is no longer distracted by gold.
The gnoll is no longer distracted by gold.
The phantom completely misses you.
The gnoll hits you from afar with a +0 spear.
You scratch the phantom.
The phantom shudders as magic cascades through it.
You bite the phantom, but do no damage.
The phantom is moderately damaged.
The death yak completely misses you.
The orc zombie is distracted by your dazzling golden aura. x2
The phantom barely misses you.
The death yak is distracted by your dazzling golden aura.
The gnoll misses you.
The death yak bellows! x2
You scratch the phantom but do no damage.
The phantom begins to glow.
The phantom is moderately damaged.
The wraith is distracted by your dazzling golden aura.
The death yak gores you!!
Ouch! That really hurt!
You die...
Your body crumbles into a pile of gold.

.Zg......g..........Z#......#
....Z....Z.g..ZZ.Z..........#
####...........#o...........#
#...#####...#.g..........#
#...# #...#Zg..........##
#...# #...#WZ.####......#
#...# #...#g### #......#
#...# #...#W# #......# ##..#
#...#p# #......# #..# #Y#
#......# #..# #Y# #......#
#.## ##.....# #..# #.....#
#.Y#### #.....# ####.....#
#.....# #.....Y..###.....####
#.....Y..............


You could see 4 death yaks, a wraith (unaware), a phantom (contam), a gnoll
sergeant, an orc wizard, 2 gnolls and 4 orc zombies.

Vanquished Creatures
  A two-headed ogre (D:8)
  A wyvern (D:7)
  A wraith (D:9)
  A steam dragon (D:7)
  An acid dragon (D:7)
  2 water moccasins
  An ice beast (D:5)
  A hornet zombie (D:8)
  An ogre (D:6)
  2 kobold brigands
  2 bullfrogs
  A scorpion (D:5)
  A wyvern zombie (D:8)
  12 wights
  A troll zombie (D:9)
  4 killer bees (D:7)
  3 howler monkeys
  A centaur zombie (D:8)
  6 hounds
  A sleepcap (D:4)
  2 orc priests
  2 jellies
  4 orc wizards
  Terence (D:3)
  3 iguanas
  A killer bee zombie (D:8)
  3 howler monkey zombies (D:8)
  3 gnolls
  6 adders
  2 shadow imps
  2 white imps
  A worm (D:5)
  2 dart slugs
  16 orcs
  8 ball pythons
  5 bats
  6 endoplasms
  A giant cockroach (D:3)
  2 hobgoblins
  7 jackals
  21 kobolds
  4 quokkas
  A frilled lizard (D:2)
  6 goblins
  2 orc zombies (D:9)
  5 rats
160 creatures vanquished.

Vanquished Creatures (collateral kills)
  A kobold brigand (D:7)
  2 gnolls (D:5)
  An orc (D:7)
  A quokka (D:5)
5 creatures vanquished.

Vanquished Creatures (others)
  An ice beast (D:7)
  An ogre (D:7)
  An iguana (D:7)
  An orc (D:5)
4 creatures vanquished.

Grand Total: 169 creatures vanquished

Notes
Turn   | Place    | Note
-------+----------+-------------------------------------------
     0 | D:1      | avis the Felid Artificer began the quest for the Orb.
     0 | D:1      | Reached XP level 1. HP: 9/9 MP: 2/2
   212 | D:1      | Reached skill level 1 in Unarmed Combat
   375 | D:1      | Reached XP level 2. HP: 12/12 MP: 3/3
  1128 | D:2      | Reached XP level 3. HP: 16/16 MP: 4/4
  1141 | D:2      | Reached skill level 4 in Dodging
  1146 | D:2      | Succumbed to an adder's poison
  1428 | D:2      | Found a faded altar of an unknown god.
  1560 | D:2      | Found a white marble altar of Elyvilon.
  2011 | D:3      | Noticed Terence
  2090 | D:3      | Reached XP level 4. HP: 19/19 MP: 5/5
  2418 | D:3      | Found a glowing silver altar of Zin.
  2456 | D:3      | Reached skill level 5 in Dodging
  2557 | D:3      | Killed Terence
  2796 | D:4      | Identified the ring of Cieph {*Slow rF+ Str+2 Dex+6 Stlth+}
  2919 | D:4      | Reached XP level 5. HP: 22/22 MP: 6/6
  2941 | D:4      | Reached skill level 6 in Dodging
  3023 | D:4      | Found a bloodstained altar of Trog.
  3025 | D:4      | Found a burning altar of Makhleb.
  3025 | D:4      | Found a glowing golden altar of the Shining One.
  3044 | D:4      | Found a shimmering altar of Xom.
  3044 | D:4      | Found a shadowy altar of Dithmenos.
  3275 | D:4      | Found a runed translucent gate.
  3276 | D:4      | Found a runed translucent gate.
  3277 | D:4      | Found a runed translucent gate.
  3290 | D:4      | Noticed Kurtz's ghost (weakling NaDe)
  3744 | D:4      | Identified the +1 fire dragon scales "Huagusm" {rF++ rC-
                  | Dex+4 Slay+3}
  3908 | D:5      | Entered Level 5 of the Dungeon
  3924 | D:4      | Reached skill level 1 in Shapeshifting
  4250 | D:5      | Gained mutation: You are covered in thick fur. (AC +2)
                  | [Felid growth]
  4250 | D:5      | Reached XP level 6. HP: 15/27 MP: 7/7
  4582 | D:5      | Reached skill level 7 in Dodging
  4614 | D:5      | Noticed an ice beast
  4625 | D:5      | Killed an ice beast
  4626 | D:5      | Reached XP level 7. HP: 11/31 MP: 8/8
  4752 | D:5      | Reached skill level 8 in Dodging
  5338 | D:5      | HP: 1/31 [orc priest/divine providence (13)]
  5585 | D:6      | Reached skill level 9 in Dodging
  6012 | D:6      | Found Pugokic's Antique Weapon Shoppe.
  6690 | D:7      | Noticed a wyvern
  7032 | D:7      | Reached XP level 8. HP: 30/34 MP: 9/9
  7097 | D:7      | Reached skill level 5 in Shapeshifting
  8031 | D:7      | Found a hide-covered altar of Uskayaw.
  8247 | D:7      | Found a staircase to the Ecumenical Temple.
  8256 | Temple   | Entered the Ecumenical Temple
  8265 | Temple   | Became a worshipper of Gozag Ym Sagoz the Greedy
  8595 | D:7      | Slain by a wight
  8606 | D:7      | Reached skill level 5 in Fighting
  8784 | D:8      | Found Fiwnyxu's Book Shoppe.
  8784 | D:8      | Found Zololynyra's Jewellery Shoppe.
  8784 | D:8      | Found Ohivost's Antique Armour Shoppe.
  8884 | D:6      | Reached XP level 9. HP: 18/40 MP: 10/10
  9009 | D:7      | Reached skill level 10 in Dodging
  9412 | D:8      | Reached skill level 11 in Dodging
  9515 | D:8      | Found Ylojyunienk's General Store.
  9607 | D:8      | Found a large runed translucent door.
  9608 | D:8      | Found a large runed translucent door.
  9610 | D:8      | Noticed jujuben's ghost (novice TrSh)
 10256 | D:9      | Reached skill level 12 in Dodging
 10256 | D:9      | Noticed a two-headed ogre
 10432 | D:8      | Killed a two-headed ogre
 10619 | D:9      | Noticed a death yak
 10622 | D:9      | Found a staircase to the Lair.
 10623 | D:9      | Noticed a death yak
 10623 | D:9      | Noticed a death yak
 10623 | D:9      | Noticed a death yak
 10624 | D:9      | Noticed a death yak
 10645 | D:9      | Slain by a death yak
 10826 | D:9      | Slain by a death yak

Illustrated notes

Levels and vault maps discovered:
D:1:      sevenhm_arrival_forest_fort_small_4, layout_loops_cross
D:2:      layout_loops_cross, ebering_ecumenical_altar_mist, basic_altar,
          minmay_pentomino_s4
D:3:      layout_basic, lemuel_crystal_altar, serial_park_tiny_pond,
          uniq_terence
D:4:      layout_basic, minmay_overflow_temple_star_hex, gammafunk_ghost_split,
          serial_park_tiny_2, hangedman_decor_slide_cut
D:5:      minmay_angry_zag, layout_basic
D:6:      layout_layer_cave, serial_shops, shop
D:7:      layout_basic, mainiacjoe_overflow_small_starburst,
          lemuel_temple_firewalk_b
D:8:      layout_gridville, serial_shops, nicolae_lakefront_shop,
          ebering_ghost_disaster_area, serial_undead, serial_undead_b,
          serial_undead_e, serial_undead_f, serial_undead_f,
          nicolae_shop_distant_corner_stores, item_on_display_a
D:9:      layout_irregular_city, dpeg_lair_monsters, zombieorc2_lemuel,
          enter_bailey_2, grunt_ministairs_6
Temple:   nicolae_temple_ecumenical_triangle

Skill      XL: |  1  2  3  4  5  6  7  8  9 |
---------------+----------------------------+-----
Unarmed Combat | 1 2 3 |  3.0
Stealth        | 2 |  2.0
Fighting       | 2 3 5 |  5.0
Dodging        | 4 5 6 7 9 12 | 12.3
Evocations     | 4 |  4.0
Shapeshifting  | 2 4 7 9 |  9.0

Action                     |  1- 3 |  4- 6 |  7- 9 || total
---------------------------+-------+-------+-------++-------
  Melee: Unarmed           |   120 |   116 |   476 ||   712
         Bite              |    10 |    10 |    70 ||    90
         Punch             |     1 |     4 |     5 ||    10
  Evoke: Wand              |     2 |    32 |    12 ||    46
    Use: Scroll            |       |       |     9 ||     9
         Potion            |       |       |     1 ||     1
   Stab: Sleeping          |     3 |     6 |     1 ||    10
         Distracted        |       |     1 |       ||     1
         Invisible         |       |       |     3 ||     3
 Armour: Skin              |    39 |    31 |   100 ||   170
  Dodge: Dodged            |    78 |    89 |   588 ||   755
   Form: Flux              |       |       |     2 ||     2
                           |       |       |     1 ||     1

Table legend: (Time is in decaauts)
 A = Elapsed time spent in this place.
 B = Non-inter-level travel time spent in this place.
 C = Inter-level travel time spent in this place.
 D = Time resting spent in this place.
 E = Time spent auto-exploring this place.
 F = Levels seen in this place.
 G = Mean time per level.
                   A        B        C        D        E       F      G
               +--------+--------+--------+--------+--------+-----+--------+
         Total |   9411 |   8512 |    899 |   2327 |   3614 |  10 |  941.1 |
       Dungeon |   9390 |   8498 |    892 |   2327 |   3614 |   9 | 1043.3 |
        Temple |     20 |     14 |      6 |      0 |      0 |   1 |   20.0 |
               +--------+--------+--------+--------+--------+-----+--------+

Top non-repeatable levels by time:
     D:7: 1577 daAuts
     D:6: 1532 daAuts
     D:8: 1303 daAuts
     D:4: 1286 daAuts
     D:5: 1017 daAuts
     D:3: 926 daAuts
     D:1: 791 daAuts
     D:2: 684 daAuts
     D:9: 271 daAuts
  Temple: 20 daAuts
